Map: Seething Jungle

Players

Manta - Winner!

  • Race: Zerg Zerg
  • League: Silver
  • Spawn Location: 1:00

Dallinger - Winner!

  • Race: Terran Terran
  • League: Diamond
  • Spawn Location: 12:00

Patriot

  • Race: Zerg Zerg
  • Spawn Location: 7:00

bendor

  • Race: Protoss Protoss
  • League: Silver
  • Spawn Location: 6:00

VOD

Have the link to the VOD?

Description

Time

  • Played on: Feb. 19, 2016, 3:39 p.m.
  • Length: 11:16
Show
View Real Time Build Order
Export as new Build Order

Manta Zerg - Winner!

Build Orders: Hatch First 

Get SALT Encoding   

  12  0:02  Drone  
  13  0:10  Drone  
  14  0:18  Overlord  
  14  0:36  Drone x3  
  17  1:02  Hatchery  
  16  1:04  Drone  
  16  1:05  Drone  
  16  1:10  Extractor  
  17  1:12  Drone  
  18  1:23  Spawning Pool  
  17  1:35  Drone x2  
  19  1:52  Overlord  
  19  1:55  Drone  
  20  2:20  Overlord  
  20  2:22  Queen  
  22  2:31  Zergling x4  
  22  2:32  Zergling x2  
  25  2:41  Hatchery  
  24  2:45  Queen  
  24  2:47  Drone  
  27  2:52  Metabolic Boost  
  27  2:56  Drone  
  28  2:59  Drone  
  29  3:12  Drone x4  
  33  3:35  Lair  
  33  3:36  Extractor  
  32  3:43  Zergling x12  
  32  3:44  Zergling x4  
  40  3:56  Overlord  
  40  4:11  Drone x2  
  40  4:13  Overlord x2  
  41  4:38  Drone x5  
  44  5:21  Drone  
  44  5:22  Drone x6  
  44  5:23  Drone x2  
  53  5:37  Extractor  
  53  5:40  Drone, Spire, Extractor  
  53  5:41  Drone x2, Spire  
  52  5:45  Queen, Extractor  
  52  5:46  Extractor  
  52  5:48  Queen  
  54  5:55  Evolution Chamber  
  53  5:58  Drone  
  53  5:59  Infestation Pit  
  53  6:09  Drone  
  54  6:20  Drone x2, Queen  
  58  6:34  Overlord x2  
  58  6:35  Overlord x2  
  58  6:36  Overlord x3  
  58  6:48  Drone x5  
  58  6:49  Drone  
  64  6:56  Hive  
  64  6:59  Zerg Melee Weapons Level 1  
  64  7:02  Zergling x2  
  64  7:03  Zergling x18  
  74  7:18  Drone  
  75  7:23  Hatchery  
  75  7:24  Drone x3  
  75  7:25  Drone x4  
  81  8:07  Queen  
  81  8:09  Evolution Chamber  
  81  8:11  Zerg Flyer Weapons Level 1  
  81  8:12  Zerg Flyer Armor Level 1  
  82  8:20  Pneumatized Carapace  
  82  8:21  Mutalisk  
  82  8:22  Mutalisk x9  
  82  8:25  Drone  
  82  8:26  Drone  
  104  8:32  Hatchery  
  103  8:36  Zerg Ground Armor Level 1  
  103  8:46  Mutalisk  
  103  8:47  Mutalisk x4  
  113  9:12  Hatchery, Queen  
  114  9:28  Drone  
  114  9:29  Drone x7  
  114  9:30  Overlord  
  114  9:31  Overlord x4  
  120  9:58  Extractor  
  119  10:02  Extractor  
  115  10:14  Mutalisk x3  
  115  10:15  Mutalisk x12  
  131  10:39  Mutalisk x4  
  131  10:40  Mutalisk  
  131  10:41  Zergling x6  
  131  10:42  Zergling x14  
Show
View Real Time Build Order
Export as new Build Order

Dallinger Terran - Winner!

Build Orders: Reaper Expand, MMM Bio 

Get SALT Encoding   

  12  0:01  SCV  
  13  0:13  SCV  
  14  0:21  Supply Depot  
  14  0:25  SCV  
  15  0:43  SCV  
  15  0:44  Barracks  
  15  0:48  Refinery  
  16  0:55  SCV  
  17  1:07  SCV  
  18  1:19  SCV  
  19  1:34  Command Center, Reaper  
  20  1:41  Orbital Command  
  20  2:06  Barracks Reactor  
  20  2:07  SCV  
  21  2:13  Refinery  
  21  2:20  Supply Depot, SCV  
  22  2:25  Factory  
  22  2:32  SCV  
  23  2:54  SCV  
  23  2:56  Marine x2  
  26  2:59  Orbital Command  
  26  3:02  Supply Depot  
  26  3:06  SCV  
  26  3:10  Factory Tech Lab  
  26  3:11  Engineering Bay  
  27  3:14  Marine x2  
  29  3:47  Starport  
  29  3:49  Supply Depot, SCV  
  29  3:55  Barracks x2  
  30  4:01  SCV  
  29  4:10  Orbital Command  
  29  4:12  Marine x2  
  30  4:30  Marine x2  
  31  4:33  Starport Reactor, Siege Tank  
  31  4:38  SCV x2  
  36  4:43  Barracks Tech Lab x2  
  36  4:50  SCV  
  37  4:56  Armory  
  37  4:59  Engineering Bay  
  37  5:00  Supply Depot  
  37  5:03  Supply Depot  
  37  5:08  Combat Shields  
  37  5:09  Stimpack  
  37  5:11  Medivac  
  37  5:12  Supply Depot  
  39  5:15  Refinery  
  39  5:19  SCV x2  
  39  5:20  Refinery  
  41  5:31  SCV x2  
  41  5:32  Marine x4  
  47  5:41  Supply Depot  
  47  5:43  SCV x2  
  47  5:46  Terran Infantry Armor Level 1, Terran Infantry Weapons Level 1  
  49  5:50  Marine x4  
  49  5:51  Terran Vehicle Weapons Level 1  
  49  5:55  SCV x2  
  55  6:08  SCV x2  
  57  6:14  Barracks  
  57  6:17  Barracks  
  57  6:20  SCV x2  
  59  6:27  Factory  
  59  6:31  Medivac, Siege Tank  
  64  6:35  Medivac  
  64  6:39  SCV x2  
  68  6:51  SCV  
  68  6:53  Command Center  
  69  6:59  Missile Turret  
  69  7:02  Missile Turret  
  69  7:04  Missile Turret  
  69  7:12  Factory Tech Lab  
  69  7:13  Barracks Reactor x2  
  69  7:19  SCV x2  
  71  7:25  Marine x3  
  71  7:26  Marine  
  75  7:31  SCV  
  75  7:32  SCV  
  77  7:43  SCV  
  77  7:44  SCV  
  79  7:46  Supply Depot x2, Terran Infantry Weapons Level 2, Terran Infantry Armor Level 2  
  79  7:48  Terran Vehicle Weapons Level 2  
  79  7:56  SCV x2  
  81  8:04  Orbital Command  
  81  8:06  Missile Turret  
  81  8:08  SCV x2  
  81  8:09  Sensor Tower  
  81  8:10  Missile Turret  
  83  8:20  SCV x2  
  83  8:21  Siege Tank x2  
  83  8:25  Medivac x2  
  95  8:32  Refinery, SCV x2  
  97  8:34  Refinery  
  97  8:39  SCV  
  98  8:44  SCV x2  
  100  8:51  SCV  
  101  8:56  SCV x2  
  101  8:59  Marine x3  
  101  9:00  Marine x3  
  101  9:01  Marauder x2  
  113  9:03  Concussive Shells, SCV  
  113  9:05  Siege Tank x2  
  120  9:13  Command Center  
  114  10:24  Marine x3  
  114  10:25  Marine x5  
  114  10:26  Thor x2  
  114  10:27  Medivac x2  
  136  10:42  Marine x4  
Show
View Real Time Build Order
Export as new Build Order

Patriot Zerg 

Build Orders: Pool First 

Get SALT Encoding   

  12  0:03  Drone  
  13  0:25  Spawning Pool  
  12  0:40  Drone x2  
  14  0:43  Overlord  
  14  1:06  Drone x2  
  16  1:15  Queen  
  18  1:35  Drone, Extractor x2  
  18  1:37  Drone  
  18  1:42  Drone  
  18  1:43  Extractor  
  18  1:45  Hatchery  
  17  1:49  Extractor  
  16  1:57  Drone  
  17  2:14  Drone x2  
  19  2:25  Drone  
  20  2:38  Evolution Chamber  
  18  2:44  Drone x3  
  18  2:47  Spine Crawler  
  19  2:59  Spine Crawler  
  19  3:00  Drone x2  
  19  3:03  Drone x2  
  19  3:04  Drone  
  23  3:07  Zergling x2  
  23  3:10  Queen  
  25  3:32  Drone x2  
  27  3:37  Drone  
  28  3:45  Overlord x3  
  28  4:07  Spine Crawler  
  26  4:17  Spine Crawler  
  26  4:20  Spine Crawler, Spore Crawler  
  26  4:22  Spore Crawler  
  22  4:25  Spore Crawler  
  22  4:30  Zergling x4  
  23  4:34  Drone  
  24  4:43  Drone  
  24  4:45  Drone  
  26  4:49  Drone  
  27  4:53  Drone  
  27  4:58  Drone  
  29  5:02  Drone  
  30  5:14  Drone  
  30  5:16  Drone  
  30  5:20  Lair  
  32  5:29  Drone x2  
  32  5:30  Drone  
  32  5:31  Drone  
  36  5:41  Drone x2  
  36  5:42  Drone  
  39  5:52  Drone x3  
  39  5:53  Drone x3  
  46  5:57  Drone  
  47  6:18  Drone x2  
  47  6:19  Drone x2  
  47  6:20  Drone  
  51  6:32  Extractor  
  51  6:33  Extractor  
  51  6:34  Hydralisk Den  
  51  6:36  Spire  
  51  6:39  Hatchery, Infestation Pit  
  45  6:42  Drone x2  
  47  6:48  Drone x2  
  47  6:49  Drone  
  50  7:02  Spine Crawler  
  49  7:27  Overlord x6  
  49  7:33  Pneumatized Carapace  
  49  7:44  Zerg Missile Weapons Level 1  
  49  7:48  Zerg Flyer Weapons Level 1  
  49  7:51  Hydralisk x2  
  49  7:52  Hydralisk x6  
  49  7:53  Hydralisk  
  49  7:56  Hydralisk  
  69  7:59  Hydralisk  
  71  8:15  Hydralisk x4  
  71  8:18  Hydralisk  
  81  8:30  Drone x2  
  81  8:31  Drone  
  84  8:39  Hydralisk x3  
  84  8:40  Hydralisk  
  92  8:43  Muscular Augments  
  92  9:08  Roach Warren  
  91  9:23  Mutalisk x3  
  97  9:29  Hydralisk x4  
  105  9:34  Overlord x3  
  57  10:27  Mutalisk x4  
  57  10:28  Mutalisk x5  
  67  10:29  Mutalisk x2  
  79  10:37  Roach x3  
  79  10:38  Roach  
  79  10:42  Overseer x2  
  87  10:47  Mutalisk  
  87  10:48  Mutalisk  
Show
View Real Time Build Order
Export as new Build Order

bendor Protoss 

Build Orders:  

Get SALT Encoding   

  12  0:02  Probe (Chrono Boost)  
  13  0:12  Probe (Chrono Boost)  
  14  0:19  Pylon  
  14  0:23  Probe (Chrono Boost)  
  15  0:38  Probe (Chrono Boost)  
  15  0:39  Gateway  
  16  0:44  Assimilator  
  16  0:48  Probe (Chrono Boost)  
  17  1:01  Probe (Chrono Boost), Gateway  
  18  1:08  Assimilator  
  18  1:12  Probe (Chrono Boost)  
  19  1:22  Probe (Chrono Boost)  
  19  1:24  Pylon  
  20  1:31  Cybernetics Core  
  20  1:33  Probe (Chrono Boost)  
  21  1:50  Pylon  
  21  1:51  Zealot  
  21  1:53  Probe (Chrono Boost)  
  24  2:12  Stalker  
  24  2:14  Probe (Chrono Boost)  
  27  2:33  Nexus  
  27  2:42  Forge  
  27  2:53  Warp Gate (Chrono Boost)  
  27  2:59  Probe  
  28  3:06  Gateway  
  28  3:15  Gateway  
  28  3:16  Pylon  
  28  3:41  Protoss Ground Weapons Level 1  
  28  3:45  Probe  
  29  3:50  Assimilator  
  29  3:54  Twilight Council  
  29  3:57  Probe  
  30  4:04  Stalker  
  30  4:06  Stalker  
  30  4:09  Probe  
  35  4:10  Pylon  
  35  4:31  Probe  
  36  4:41  Probe  
  34  4:55  Probe  
  35  5:05  Probe  
  33  5:07  Probe  
  33  5:15  Probe  
  33  5:19  Probe  
  35  5:26  Probe  
  36  5:31  Probe  
  36  5:33  Stalker  
  36  5:34  Zealot x2  
  36  5:35  Protoss Ground Armor Level 1 (Chrono Boost), Sentry  
  45  5:36  Probe  
  46  5:45  Pylon  
  46  5:46  Photon Cannon  
  46  5:47  Probe  
  47  5:52  Probe  
  48  5:57  Probe, Charge  
  49  6:08  Probe  
  50  6:12  Stalker, Sentry  
  50  6:13  Zealot  
  56  6:18  Probe  
  56  6:20  Templar Archives  
  56  6:24  Pylon  
  57  6:28  Probe  
  57  6:29  Probe  
  57  6:31  Assimilator  
  59  6:36  Photon Cannon  
  59  6:39  Probe  
  59  6:46  Stalker  
  62  6:47  Zealot x2  
  62  6:48  Sentry  
  68  6:56  Robotics Facility, Psionic Storm  
  68  7:08  Probe  
  69  7:17  Gateway  
  69  7:20  Probe  
  69  7:21  Protoss Shields Level 1 (Chrono Boost)  
  69  7:22  Probe  
  70  7:23  Gateway  
  71  7:32  Probe x2  
  73  7:39  Stalker  
  73  7:40  Zealot x2  
  79  7:49  Observer  
  80  7:57  Probe  
  81  8:13  High Templar x2  
  85  8:31  Pylon  
  85  8:37  Nexus  
  85  8:47  Pylon  
  85  8:49  Immortal  
  85  8:51  Zealot, Sentry  
  93  9:24  Stalker x2  
  95  9:27  Sentry  
  95  9:28  Stalker  
Tags
 
Add a new tag
Caveats
  • Supply blocks, unpowered buildings, or Contaminate may cause inaccurate times.
  • Supply counts are checked every 10 seconds.